 Dungeon Crawl Stone Soup version 0.18-a0-844-g9229740 (webtiles) character file.

158 JokEr the Insei (level 5, -7/36 HPs)
             Began as an Octopode Transmuter on Dec 18, 2015.
             Was an Initiate of Cheibriados.
             Mangled by a large abomination (29 damage)
             ... on level 1 of the Abyss.
             The game lasted 00:05:19 (2998 turns).

JokEr the Insei (Octopode Transmuter)               Turns: 2998, Time: 00:05:19

Health: -7/36      AC:  1    Str: 10    XL:     5   Next: 39%
Magic:  0/8        EV: 12    Int: 18    God:    Cheibriados [......]
Gold:   169        SH:  0    Dex: 13    Spells: 1 memorised, 7 levels left

rFire  . . .     SeeInvis .       - Unarmed
rCold  . . .     Gourm    .     (no shield)
rNeg   . . .     Faith    .     (helmet restricted)
rPois  .         Spirit   +     k - amulet of guardian spirit
rElec  .         Dismiss  .     (no ring)
rCorr  .         Reflect  .     (no ring)
SustAt .         Harm     .     (no ring)
MR     .....                    (no ring)
Stlth  ++........               (no ring)
                                (no ring)
                                (no ring)
                                (no ring)

@: very slow, not resistant to hostile enchantments, unstealthy
A: almost no armour, amphibious, 8 rings, constrict 8, camouflage 1, gelatinous
body 1
a: Bend Time, Renounce Religion


You were on level 1 of the Abyss.
You worshipped Cheibriados.
Cheibriados was noncommittal.
You were not hungry.

You visited 1 branch of the dungeon, and saw 3 of its levels.
You visited the Abyss 1 time.

You collected 169 gold pieces.

Inventory:

Missiles
 a - 12 arrows
Jewellery
 k - an amulet of guardian spirit (around mantle)
 n - an uncursed ring of fire {unknown}
Wands
 m - a wand of polymorph (12)
Scrolls
 j - a scroll of amnesia {unknown}
 l - 3 scrolls of identify
Potions
 d - a potion of invisibility
 e - 2 potions of curing {unknown}
 g - 2 potions of ambrosia {unknown}
Books
 b - a book of Changes

   Spells                             Type                      Level
   a - Beastly Appendage              Transmutation                1
   b - Sticks to Snakes               Transmutation                2
   c - Spider Form                    Transmutation/Poison         3
   d - Ice Form                       Ice/Transmutation            4
   e - Blade Hands                    Transmutation                5
Comestibles
 c - 3 bread rations
 f - 3 chunks of flesh
 h - a meat ration
 i - a royal jelly
 o - 2 fruits


   Skills:
 + Level 2.8 Fighting
 - Level 2.0 Dodging
 + Level 4.1 Unarmed Combat
 - Level 2.0 Spellcasting
 + Level 3.6 Transmutations


You had 7 spell levels left.
You knew the following spells:

 Your Spells              Type           Power        Failure   Level  Hunger
a - Beastly Appendage     Trmt           ##....       4%          1    #......


Dungeon Overview and Level Annotations

Branches:
Dungeon (3/15)

Altars:
Nemelex Xobeh


Innate Abilities, Weirdness & Mutations

You cannot wear most types of armour.
You are amphibious.
You can wear up to eight rings at the same time.
You can use your tentacles to constrict eight enemies at once.
Your skin changes colour to match your surroundings (Stealth).
Your rubbery body absorbs attacks (AC +1).


Message History

Welcome to the Abyss!
This branch contains the abyssal rune of Zot.
Found a robe.
You see here a robe.
Found a gateway leading deeper into the Abyss.
Found a scroll of identify.
There is a gateway leading deeper into the Abyss here.
Found a snail-covered altar of Cheibriados.
l - 3 scrolls of identify (gained 1)
There are no items here.
You start resting.
A large abomination comes into view.
There is a snail-covered altar of Cheibriados here.
You curl up in front of the altar of Cheibriados.
Cheibriados welcomes you!
Cheibriados begins to support your attributes as your movement slows.
You can now bend time to slow others.
The large abomination hits you!!!
Ouch! That really hurt!
You die...

≈# . . ≈ ≈≈#. . ≈≈ ≈≈.#.
≈≈≈ ≈#.# . ≈≈≈≈##..###
#.. ≈≈≈≈......#..# #
≈≈≈≈..#....#### .#
##.@X##...##..# ≈
#.......##_.#.#..
.....................
......................
......................
................... ...#
........................
.##......##......##.....
#......##......##.....


You could see a large abomination.

Vanquished Creatures
  Terence (D:3)
  Natasha (D:3)
  An iguana (D:3)
  An adder (D:2)
  An ooze (D:3)
  2 worms
  3 giant geckos
  3 orcs (D:3)
  4 giant cockroaches
  10 hobgoblins
  9 kobolds
  2 quokkas
  A ball python (D:3)
  7 bats
  A giant newt (D:1)
  5 goblins
  3 jackals (D:3)
  7 rats
62 creatures vanquished.

Notes
Turn   | Place    | Note
--------------------------------------------------------------
     0 | D:1      | JokEr the Octopode Transmuter began the quest for the Orb.
     0 | D:1      | Reached XP level 1. HP: 13/13 MP: 3/3
   405 | D:1      | Reached XP level 2. HP: 16/18 MP: 3/5
  1017 | D:1      | Reached XP level 3. HP: 16/23 MP: 6/6
  1906 | D:2      | Found a sparkling altar of Nemelex Xobeh.
  2480 | D:2      | Reached XP level 4. HP: 29/29 MP: 5/7
  2498 | D:3      | Noticed Natasha
  2505 | D:3      | Killed Natasha
  2700 | D:3      | Reached XP level 5. HP: 35/35 MP: 6/8
  2728 | D:3      | Noticed Terence
  2738 | D:3      | Killed Terence
  2738 | D:3      | Reached skill level 4 in Unarmed Combat
  2954 | D:3      | Cast into level 1 of the Abyss (orc)
  2978 | Abyss:1  | Found a snail-covered altar of Cheibriados.
  2990 | Abyss:1  | Noticed a large abomination
  2991 | Abyss:1  | Became a worshipper of Cheibriados the Contemplative
  2998 | Abyss:1  | Mangled by a large abomination

Vault maps used:
D:1:      dpeg_arrival_lava_temple_mockup, minmay_misc_feat_plants,
          lemuel_flame_loot_1
D:2:      nemelex_deck, first_bread
D:3:      overflow_temple_1_default, tso_oasis_becter,
          nemelex_dance_club_becter, uniq_natasha, uniq_terence

Action                   |  1- 3 |  4- 6 || total
-------------------------+-------+-------++-------
Melee: Unarmed           |    92 |    71 ||   163
 Cast: Beastly Appendage |    33 |    12 ||    45
  Use: Scroll            |     3 |     4 ||     7
 Stab: Sleeping          |     6 |     5 ||    11
  Eat: Chunk             |     5 |     2 ||     7
